Map: Ascension to Aiur LE

Players

ShoWTimE

  • Race: Protoss Protoss
  • Spawn Location: 11:00

Elazer - Winner!

  • Race: Zerg Zerg
  • League: Master
  • Spawn Location: 5:00

VOD

Have the link to the VOD?

Description

Time

  • Played on: July 23, 2017, 11:28 a.m.
  • Length: 18:10
Show
View Real Time Build Order
Export as new Build Order

ShoWTimE Protoss 

Build Orders: 1 Gate Expand, Oracle Opening 

Get SALT Encoding   

  12  0:00  Probe (Chrono Boost)  
  13  0:11  Probe (Chrono Boost)  
  14  0:17  Pylon  
  14  0:22  Probe (Chrono Boost)  
  15  0:35  Probe (Chrono Boost)  
  16  0:38  Gateway  
  16  0:46  Probe (Chrono Boost)  
  16  0:49  Assimilator  
  17  0:56  Probe (Chrono Boost)  
  18  1:07  Probe (Chrono Boost)  
  19  1:22  Nexus  
  19  1:26  Probe (Chrono Boost)  
  20  1:35  Cybernetics Core  
  20  1:38  Probe (Chrono Boost)  
  21  1:44  Assimilator  
  21  1:49  Probe (Chrono Boost)  
  21  1:53  Pylon  
  22  1:59  Probe (Chrono Boost)  
  23  2:11  Adept (Chrono Boost), Probe (Chrono Boost)  
  23  2:12  Warp Gate  
  26  2:23  Probe  
  27  2:32  Probe, Stargate  
  27  2:35  Probe  
  27  2:36  Adept (Chrono Boost)  
  31  2:43  Probe  
  31  2:47  Probe  
  33  2:54  Probe (Chrono Boost)  
  33  2:57  Pylon  
  34  2:59  Probe (Chrono Boost)  
  35  3:06  Probe (Chrono Boost)  
  35  3:10  Probe (Chrono Boost)  
  37  3:13  Oracle (Chrono Boost)  
  37  3:15  Probe (Chrono Boost)  
  37  3:19  Gateway  
  41  3:21  Probe  
  41  3:25  Gateway  
  41  3:26  Probe  
  42  3:30  Adept (Chrono Boost)  
  42  3:33  Probe  
  46  3:38  Assimilator, Probe  
  46  3:40  Void Ray  
  47  3:48  Probe  
  52  3:51  Pylon  
  52  3:55  Probe (Chrono Boost)  
  53  4:00  Probe (Chrono Boost)  
  53  4:01  Pylon  
  54  4:08  Twilight Council  
  55  4:11  Probe x2 (Chrono Boost)  
  55  4:15  Robotics Facility  
  56  4:23  Probe (Chrono Boost)  
  57  4:25  Mothership Core (Chrono Boost)  
  59  4:35  Resonating Glaives (Chrono Boost), Nexus  
  60  4:39  Pylon, Probe (Chrono Boost)  
  60  4:47  Probe  
  61  4:54  Adept x3  
  61  4:56  Probe  
  61  4:57  Pylon  
  68  5:00  Probe  
  68  5:05  Warp Prism (Chrono Boost)  
  71  5:11  Probe  
  71  5:12  Probe  
  73  5:19  Adept x3  
  79  5:22  Pylon  
  79  5:25  Probe  
  79  5:26  Assimilator  
  79  5:27  Probe  
  81  5:37  Probe  
  81  5:39  Observer (Chrono Boost), Probe  
  81  5:41  Adept x3  
  90  5:46  Probe  
  91  5:50  Probe  
  91  5:56  Pylon  
  92  5:57  Probe  
  92  5:58  Forge, Probe  
  92  6:01  Adept  
  92  6:02  Adept x2  
  92  6:03  Probe  
  101  6:07  Probe  
  100  6:15  Probe x2  
  88  6:28  Pylon  
  88  6:29  Pylon  
  88  6:30  Pylon  
  88  6:32  Pylon  
  86  6:38  Pylon  
  86  6:39  Pylon  
  84  6:46  Charge  
  80  6:47  Adept  
  80  6:48  Adept x2  
  80  6:51  Probe  
  80  6:52  Probe  
  78  6:58  Protoss Ground Weapons Level 1 (Chrono Boost)  
  78  7:03  Nexus  
  74  7:09  Pylon  
  74  7:12  Pylon  
  74  7:14  Adept x2, Templar Archives  
  76  7:17  Adept  
  76  7:19  Probe  
  76  7:20  Probe  
  80  7:31  Probe  
  80  7:32  Probe  
  80  7:35  Immortal (Chrono Boost)  
  84  7:39  Psionic Storm  
  84  7:43  Probe  
  84  7:44  Probe  
  80  7:46  Sentry x3  
  84  7:56  Probe  
  84  7:58  Gateway x2  
  85  7:59  Probe  
  85  8:07  Assimilator  
  85  8:08  Probe  
  85  8:11  Probe  
  85  8:12  Assimilator  
  87  8:14  Pylon  
  87  8:17  High Templar x3  
  93  8:20  Probe  
  93  8:24  Immortal  
  98  8:36  Gateway  
  98  8:37  Gateway  
  98  8:39  Gateway  
  98  8:45  Photon Cannon  
  98  8:50  Zealot  
  98  8:53  Zealot x2  
  104  8:59  Photon Cannon  
  104  9:04  Immortal  
  108  9:10  Sentry  
  108  9:12  Photon Cannon  
  108  9:13  Photon Cannon  
  108  9:16  Photon Cannon  
  110  9:18  High Templar x2  
  110  9:22  Archon  
  114  9:30  Archon  
  108  9:35  Zealot x3  
  94  9:42  Probe  
  94  9:43  Probe  
  94  9:44  Probe  
  80  9:49  Zealot x2  
  80  9:52  Probe  
  80  9:54  Zealot x2  
  80  9:55  Probe  
  80  9:56  Probe  
  87  10:00  High Templar x3  
  87  10:04  Archon  
  80  10:14  Pylon  
  80  10:16  Pylon  
  80  10:18  Probe  
  80  10:19  Probe  
  80  10:20  Probe  
  82  10:23  Zealot  
  82  10:24  Pylon  
  84  10:28  Probe  
  84  10:30  High Templar  
  84  10:32  High Templar  
  84  10:33  High Templar x2  
  93  10:35  Photon Cannon  
  93  10:37  Archon x2  
  93  10:40  High Templar  
  95  10:49  Immortal (Chrono Boost)  
  99  10:51  Protoss Ground Weapons Level 2 (Chrono Boost), High Templar x3  
  99  10:56  Pylon  
  105  11:09  Nexus  
  105  11:12  Pylon  
  105  11:14  Pylon  
  105  11:19  High Templar x2  
  109  11:28  Immortal (Chrono Boost)  
  113  11:33  Zealot x3  
  118  11:45  Probe  
  117  11:47  Probe  
  117  11:50  Zealot x2  
  117  11:53  Photon Cannon  
  122  12:00  Photon Cannon  
  122  12:01  High Templar x2  
  122  12:02  High Templar  
  122  12:04  High Templar  
  130  12:08  Archon x2  
  134  12:15  Immortal (Chrono Boost)  
  134  12:22  Pylon  
  132  12:29  Zealot x3  
  138  12:41  Zealot x2  
  138  12:42  Zealot  
  144  12:44  Probe  
  144  12:45  Probe  
  144  12:46  Assimilator, Probe  
  144  12:47  Assimilator, Probe  
  148  12:54  Immortal (Chrono Boost)  
  148  12:57  High Templar  
  148  12:58  High Templar x3  
  160  13:02  Archon x2  
  160  13:07  Zealot x4  
  119  13:28  Immortal (Chrono Boost)  
  119  13:29  Zealot x3  
  119  13:30  Zealot  
  107  13:39  High Templar x3  
  107  13:48  Probe  
  107  13:49  Probe, Robotics Facility  
  109  13:56  Zealot x2, High Templar x2  
  109  14:01  Archon  
  117  14:04  Photon Cannon  
  117  14:05  Photon Cannon  
  117  14:06  Immortal (Chrono Boost)  
  121  14:16  High Templar  
  121  14:17  Zealot x3, Pylon, High Templar  
  131  14:29  Probe  
  131  14:31  Probe  
  120  14:33  Zealot x2  
  124  14:40  Immortal (Chrono Boost)  
  124  14:41  Probe  
  112  14:46  Immortal (Chrono Boost)  
  112  14:47  Probe  
  111  14:57  High Templar x2  
  115  15:02  Archon  
  115  15:03  Archon  
  114  15:20  Probe  
  114  15:21  Zealot x3, Probe  
  116  15:22  Probe  
  116  15:37  High Templar  
  116  15:38  High Templar  
  116  15:40  Probe  
  116  15:42  Probe  
  120  15:43  Probe  
  120  15:47  Probe  
  122  15:52  High Templar x2  
  122  15:57  Archon  
  126  16:01  Zealot x2  
  130  16:08  Photon Cannon  
  130  16:10  Pylon  
  130  16:25  Zealot x4  
  102  16:36  Archon  
  102  16:37  Zealot x2  
  80  16:50  Zealot x4  
  76  17:00  High Templar x2  
  74  17:12  Zealot x4  
  80  17:32  High Templar x2  
  80  17:33  High Templar  
  80  17:34  High Templar  
  80  17:37  Archon  
  88  17:39  High Templar x2  
  88  17:40  Archon  
Show
View Real Time Build Order
Export as new Build Order

Elazer Zerg - Winner!

Build Orders: Hatch First 

Get SALT Encoding   

  12  0:00  Drone  
  13  0:12  Overlord  
  13  0:17  Drone  
  14  0:30  Drone x2  
  14  0:34  Drone  
  17  0:50  Hatchery  
  17  0:54  Drone  
  17  0:57  Drone  
  18  1:07  Extractor  
  17  1:13  Spawning Pool  
  17  1:15  Drone  
  17  1:18  Drone  
  18  1:28  Drone  
  19  1:38  Overlord  
  19  1:50  Drone  
  20  1:59  Queen  
  20  2:00  Drone  
  23  2:02  Queen  
  23  2:03  Zergling x2  
  23  2:07  Metabolic Boost  
  26  2:11  Drone  
  26  2:13  Drone  
  28  2:21  Drone  
  29  2:24  Drone  
  30  2:36  Hatchery  
  29  2:39  Drone  
  29  2:44  Pneumatized Carapace  
  30  2:46  Zergling x2  
  30  2:49  Drone  
  30  2:51  Drone  
  33  2:55  Overlord  
  33  2:58  Drone  
  33  3:05  Drone  
  35  3:08  Drone  
  36  3:13  Drone, Queen  
  36  3:15  Drone x2  
  36  3:17  Drone  
  42  3:21  Overlord  
  42  3:28  Drone  
  42  3:29  Drone  
  44  3:34  Spore Crawler  
  44  3:36  Spore Crawler  
  44  3:38  Drone x2  
  44  3:41  Drone  
  44  3:42  Evolution Chamber  
  44  3:46  Drone x2  
  46  3:49  Queen  
  46  3:51  Drone  
  49  3:56  Overlord  
  49  3:58  Drone  
  50  4:04  Drone x2  
  50  4:05  Spore Crawler  
  50  4:08  Zergling x4  
  50  4:09  Zergling x2  
  54  4:12  Zerg Melee Weapons Level 1  
  54  4:15  Zergling x6  
  57  4:22  Overlord  
  57  4:23  Drone x2  
  59  4:24  Drone  
  59  4:31  Overlord  
  60  4:32  Drone x2  
  60  4:37  Drone x2  
  64  4:41  Overlord  
  64  4:43  Baneling Nest  
  63  4:46  Drone x2  
  63  4:50  Queen  
  67  4:52  Overlord  
  67  4:56  Zergling x6  
  70  5:00  Overlord  
  70  5:01  Zergling x2  
  71  5:11  Zergling x8  
  73  5:17  Overlord  
  73  5:20  Zergling x2  
  73  5:21  Zergling x10  
  79  5:24  Lair, Overlord  
  79  5:28  Extractor  
  78  5:35  Zergling x10  
  83  5:38  Baneling x4  
  83  5:40  Drone  
  83  5:41  Drone  
  85  5:44  Overlord  
  85  5:48  Overlord  
  85  5:50  Drone x2, Extractor  
  85  5:51  Overlord  
  85  5:55  Baneling x3  
  86  5:58  Zergling x2  
  86  5:59  Hatchery  
  88  6:09  Zergling x4  
  88  6:13  Drone x3  
  88  6:15  Overlord  
  88  6:17  Overlord  
  90  6:19  Zergling x4  
  90  6:20  Zergling x4  
  90  6:21  Overlord  
  80  6:27  Zergling x8  
  80  6:29  Overlord  
  80  6:30  Zergling x2  
  78  6:33  Overlord  
  78  6:34  Overlord  
  78  6:37  Zergling x2  
  70  6:44  Overlord  
  70  6:46  Overlord  
  64  6:47  Drone  
  64  6:49  Drone  
  62  6:56  Drone x3  
  62  7:00  Drone x2  
  66  7:03  Drone  
  66  7:04  Drone  
  66  7:08  Drone  
  67  7:10  Drone  
  67  7:12  Drone  
  67  7:15  Drone  
  70  7:20  Drone x3  
  70  7:21  Drone  
  74  7:25  Zerg Melee Weapons Level 2  
  74  7:29  Drone x2  
  76  7:30  Drone  
  76  7:32  Drone  
  77  7:37  Drone x2  
  77  7:38  Drone  
  77  7:39  Drone x2  
  77  7:41  Drone  
  77  7:44  Drone x2  
  77  7:45  Drone  
  77  7:48  Drone  
  77  7:49  Drone  
  80  7:52  Drone x2  
  80  7:56  Drone x3  
  79  8:05  Centrifical Hooks  
  79  8:08  Zergling x2  
  79  8:09  Zergling x10  
  85  8:16  Overlord  
  85  8:18  Zergling x2  
  85  8:19  Zergling x8  
  90  8:20  Baneling  
  90  8:21  Baneling x4  
  90  8:22  Baneling x2  
  90  8:23  Baneling  
  90  8:26  Zergling x6  
  93  8:31  Drone  
  93  8:32  Zergling x10  
  99  8:41  Zergling x8  
  103  8:44  Overlord  
  103  8:47  Zergling x14  
  103  8:48  Zergling x4  
  112  8:53  Zergling x10  
  117  8:56  Zergling x4  
  117  9:06  Baneling x2  
  117  9:07  Baneling x14  
  117  9:09  Zergling x10  
  122  9:16  Zergling x12  
  127  9:19  Baneling x4  
  127  9:20  Baneling  
  127  9:21  Zergling x4  
  125  9:32  Zergling x4  
  125  9:33  Zergling x16  
  122  9:43  Zergling x2  
  122  9:44  Zergling x18  
  122  9:50  Zergling x6  
  111  9:55  Zergling x4  
  111  9:57  Zergling x2  
  106  10:01  Zerg Missile Weapons Level 1  
  106  10:02  Hydralisk Den  
  106  10:05  Zergling x4  
  100  10:12  Zergling x2  
  100  10:13  Zergling x4  
  100  10:18  Drone x3  
  99  10:21  Drone, Extractor  
  99  10:22  Extractor  
  99  10:27  Overlord  
  98  10:32  Hydralisk x3, Muscular Augments  
  98  10:35  Drone x3, Extractor x2  
  104  10:36  Drone x3  
  104  10:37  Drone  
  104  10:38  Drone  
  104  10:39  Extractor  
  110  10:42  Hydralisk  
  110  10:43  Hydralisk  
  110  10:47  Overlord  
  110  10:49  Hydralisk  
  114  10:51  Overlord  
  114  10:55  Baneling x3  
  114  10:58  Drone x5  
  114  10:59  Drone  
  114  11:02  Baneling  
  118  11:05  Baneling x4  
  118  11:14  Hydralisk x3  
  118  11:15  Zergling x14  
  131  11:26  Hydralisk x5  
  131  11:30  Overlord  
  131  11:32  Hydralisk x2  
  141  11:38  Overlord  
  141  11:39  Hydralisk x3  
  145  11:46  Hydralisk  
  145  11:47  Hydralisk x2  
  148  11:54  Zergling x2  
  148  11:55  Zergling x22  
  148  11:57  Zerg Missile Weapons Level 2  
  148  12:01  Hydralisk x2  
  160  12:05  Hydralisk  
  160  12:06  Hydralisk  
  160  12:08  Hydralisk  
  168  12:09  Zergling x6  
  168  12:10  Zergling x2  
  168  12:13  Zergling x4  
  176  12:17  Zergling x2  
  176  12:22  Overlord  
  176  12:24  Zergling x10  
  181  12:30  Zergling x6  
  181  12:31  Baneling  
  181  12:32  Baneling x7  
  184  12:42  Baneling  
  184  12:43  Baneling x16  
  182  12:44  Zergling x14  
  182  12:45  Zergling x4  
  186  12:52  Baneling x8  
  182  13:00  Zergling x12  
  182  13:01  Zergling x8  
  182  13:02  Baneling x6  
  186  13:17  Zergling x14  
  176  13:23  Zergling x4  
  135  13:31  Hydralisk x6  
  132  13:38  Hydralisk  
  132  13:39  Hydralisk x6  
  125  13:54  Hydralisk  
  125  13:55  Hatchery, Hydralisk x4  
  134  14:01  Baneling x6  
  134  14:05  Hydralisk  
  135  14:10  Zergling x2  
  135  14:11  Zergling x16  
  135  14:16  Baneling x6  
  144  14:20  Zergling x8  
  148  14:26  Zergling x10  
  148  14:30  Baneling x6  
  146  14:32  Zergling x6  
  147  14:40  Zergling x8  
  147  14:45  Zergling x8  
  154  14:47  Baneling  
  154  14:48  Baneling x5  
  150  14:53  Zergling x6  
  150  14:59  Hydralisk x2  
  156  15:01  Baneling  
  156  15:02  Baneling x4  
  156  15:05  Hydralisk  
  158  15:14  Hydralisk x3  
  155  15:31  Hydralisk x5  
  155  15:32  Hydralisk  
  158  15:37  Hydralisk x3  
  164  15:44  Zergling x12  
  170  15:54  Baneling x18  
  170  15:58  Zergling x2  
  170  15:59  Zergling x6  
  170  16:00  Baneling  
  170  16:01  Baneling  
  174  16:08  Baneling  
  174  16:09  Baneling x9  
  173  16:14  Zergling x14  
  175  16:20  Zergling x12  
  168  16:28  Zergling x14  
  149  16:34  Zergling x10  
  149  16:36  Zergling x2  
  149  16:37  Zergling x2  
  137  16:43  Hydralisk x3  
  125  16:50  Hydralisk  
  125  16:51  Hydralisk x3  
  125  16:53  Hydralisk  
  122  16:58  Hydralisk x2  
  121  17:09  Hydralisk x3  
  121  17:15  Hydralisk x3  
  125  17:21  Baneling x12  
  130  17:23  Baneling x3  
  130  17:24  Baneling  
  130  17:25  Zergling x2  
  130  17:30  Hydralisk x2  
  130  17:33  Hydralisk  
  130  17:34  Hydralisk  
  138  17:38  Hydralisk  
  138  17:45  Hydralisk  
  138  17:46  Hydralisk x2  
Tags
 
Add a new tag
Caveats
  • Supply blocks, unpowered buildings, or Contaminate may cause inaccurate times.
  • Supply counts are checked every 10 seconds.